 Dungeon Crawl Stone Soup version 0.24-a0-291-g79c1ce788c (webtiles) character file.

Game seed: 9505827467158991374

543 Roikka the Poker (level 7, -3/52 HPs)
             Began as a Demonspawn Fighter on May 9, 2019.
             Succumbed to a gnoll sergeant's poison
             ... on level 4 of the Dungeon.
             The game lasted 00:10:50 (3673 turns).

Roikka the Poker (Demonspawn Fighter)               Turns: 3673, Time: 00:10:51

Health: -3/52      AC:  8    Str: 18    XL:     7   Next: 6%
Magic:  7/7        EV:  7    Int:  9    God:
Gold:   216        SH:  9    Dex: 13    Spells: 6/6 levels left

rFire    . . .     SeeInvis +   a - +0 trident
rCold    . . .     Gourm    .   c - +0 shield
rNeg     . . .     Faith    .   b - +0 scale mail
rPois    .         Spirit   .   (helmet restricted)
rElec    .         Reflect  .   (no cloak)
rCorr    .         Harm     .   (no gloves)
MR       .....     Clarity  +   (no boots)
Stlth    ..........             g - amulet of regeneration
HPRegen  0.57/turn              (no ring)
MPRegen  0.10/turn              (no ring)

@: lethally poisoned (-3 -> -48), hasted, very quick
A: claws 1, horns 1, molten scales 1, see invisible, clarity, demonic guardian
1, rot immunity
a: no special abilities


You were on level 4 of the Dungeon.
You were not hungry.

You visited 1 branch of the dungeon, and saw 5 of its levels.

You collected 216 gold pieces.

Inventory:

Hand Weapons
 a - a +0 trident (weapon)
Missiles
 t - a throwing net (quivered)
Armour
 b - a +0 scale mail (worn)
 c - a +0 shield (worn)
 p - a +0 helmet
Jewellery
 g - an amulet of regeneration (around neck)
Wands
 w - a wand of paralysis (12)
Scrolls
 h - 7 scrolls of identify
 m - a scroll of immolation
 r - a scroll of teleportation
 s - 2 scrolls of amnesia
 u - a scroll of remove curse {unknown}
Potions
 d - a potion of might
 k - a potion of ambrosia {unknown}
 n - a potion of flight {unknown}
 o - 2 potions of brilliance
 q - 4 potions of lignification
 v - a potion of agility {unknown}
Comestibles
 f - 9 rations
 l - 2 chunks of flesh


   Skills:
 - Level 3.0 Fighting
 * Level 5.7 Polearms
 - Level 2.6 Armour
 + Level 4.9 Shields


You had 6 spell levels left.
You didn't know any spells.
Your spell library was empty.

Dungeon Overview and Level Annotations

Branches:
Dungeon (5/15)
 Temple: D:4-7

Altars:


Innate Abilities, Weirdness & Mutations

You are partially covered in molten scales. (AC +2)
A weak demonic guardian rushes to your aid.
You are immune to rotting.
You have sharp fingernails.
You have a pair of small horns on your head.
You have supernaturally acute eyesight. (SInv)
You possess an exceptional clarity of mind.


Message History

You are more poisoned.
The gnoll sergeant hits you with a +0 trident of venom.
* * * LOW HITPOINT WARNING * * *
You are more poisoned.
It was a potion of mutation.
You feel extremely strange. A pair of horns grows on your head!
Your +0 helmet falls away!
Your vision sharpens.
Your thoughts seem clearer.
Your fingernails lengthen.
* * * LOW HITPOINT WARNING * * *
You feel very sick.
The gnoll sergeant hits you with a +0 trident of venom.
* * * LOW HITPOINT WARNING * * *
Sorry, you're not good enough to have a special ability.
It was a potion of cancellation.
You feel magically purged.
* * * LOW HITPOINT WARNING * * *
You feel very sick.
The gnoll sergeant completely misses you.
Okay, then.
It was a potion of haste.
You feel yourself speed up.
You die...

.................#
################.# ### ### ##.##
#.. ..##
#########...#############.#
##.##
#..........<..............#
##.###.#######<..###############
#.......# ##.## ##.#.###.# #g#
##....###.## #@#
..÷#####...#####5# ### .#÷#
#........#.## #.. .#.#
##...###.#..# #.# .#.#
##.####.##.## #.# .#.#
##.........# #.# .#.#
#.###.##..# #.# .#.# #.# #.##..#
#.# ...# #.###.##..# #.#


You could see a gnoll sergeant and a friendly quasit.

Vanquished Creatures
  A gnoll sergeant (D:4)
  A water moccasin skeleton (D:5)
  2 hounds (D:5)
  An orc priest (D:4)
  An iguana (D:5)
  An orc wizard (D:4)
  3 worker ants (D:4)
  Robin (D:2)
  5 gnolls
  6 adders
  4 worms (D:2)
  2 dart slugs (D:1)
  2 leopard geckos
  2 orcs (D:4)
  7 bats
  6 giant cockroaches
  15 goblins
  10 hobgoblins
  11 jackals
  4 kobolds
  5 quokkas
  6 frilled lizards
  A leopard gecko skeleton (D:4)
  4 rats
101 creatures vanquished.

Vanquished Creatures (collateral kills)
  An orc priest (D:4)
  2 gnolls (D:5)
3 creatures vanquished.

Grand Total: 104 creatures vanquished

Notes
Turn   | Place    | Note
-------+----------+-------------------------------------------
     0 | D:1      | Roikka the Demonspawn Fighter began the quest for the Orb.
     0 | D:1      | Reached XP level 1. HP: 18/18 MP: 1/1
    35 | D:1      | Reached skill level 2 in Polearms
   173 | D:1      | Gained mutation: You are partially covered in molten
                  | scales. (AC +2) [demonic ancestry]
   173 | D:1      | Reached XP level 2. HP: 21/24 MP: 2/2
   333 | D:1      | Gained mutation: A weak demonic guardian rushes to your
                  | aid. [demonic ancestry]
   333 | D:1      | Reached XP level 3. HP: 29/29 MP: 3/3
   762 | D:2      | Reached skill level 3 in Polearms
   838 | D:2      | Gained mutation: You are immune to rotting. [demonic
                  | ancestry]
   838 | D:2      | Reached XP level 4. HP: 32/35 MP: 4/4
  1248 | D:2      | Noticed Robin
  1525 | D:2      | Killed Robin
  1942 | D:3      | Reached XP level 5. HP: 32/41 MP: 5/5
  2635 | D:4      | Reached skill level 4 in Polearms
  2968 | D:4      | Reached XP level 6. HP: 47/47 MP: 6/6
  3236 | D:5      | Entered Level 5 of the Dungeon
  3287 | D:5      | Reached skill level 5 in Polearms
  3454 | D:4      | Reached XP level 7. HP: 45/52 MP: 7/7
  3671 | D:4      | Gained mutation: You have a pair of small horns on your
                  | head. [potion of mutation]
  3671 | D:4      | Gained mutation: You have supernaturally acute eyesight.
                  | (SInv) [potion of mutation]
  3671 | D:4      | Gained mutation: You possess an exceptional clarity of
                  | mind. [potion of mutation]
  3671 | D:4      | Gained mutation: You have sharp fingernails. [potion of
                  | mutation]
  3672 | D:4      | HP: 1/52 [poisoned by a gnoll sergeant]
  3673 | D:4      | Succumbed to a gnoll sergeant's poison

Levels and vault maps discovered:
D:1:      lemuel_arrival_behind_the_door_small, layout_rooms, hex_large,
          minmay_pentomino_s4
D:2:      layout_basic, uniq_robin
D:3:      layout_basic
D:4:      layout_loops_ring, first_ration
D:5:      layout_cave_pools, serial_gnoll_camp, gnoll_camp_mini_house,
          gnoll_camp_mini_house, gnoll_camp_huts_basic, gnoll_camp_mini_hut,
          gnoll_camp_mini_basic

Skill      XL: |  1  2  3  4  5  6 |
---------------+-------------------+-----
Polearms       | 2 3 4 5 |  5.7
Shields        | 3 4 |  4.9
Fighting       | |  3.0
Armour         | |  2.6

Action                   |  1- 3 |  4- 6 |  7- 9 || total
-------------------------+-------+-------+-------++-------
Melee: Trident           |   137 |   288 |    38 ||   463
  Use: Scroll            |       |     8 |       ||     8
       Potion            |       |       |     3 ||     3
 Stab: Distracted        |       |     1 |       ||     1
  Eat: Chunk             |       |     9 |     1 ||    10
Armor: Scale mail        |    55 |   112 |    16 ||   183
Dodge: Dodged            |    29 |    56 |     5 ||    90
Block: Shield            |    54 |   134 |    17 ||   205

Table legend:
 A = Non-vault XP
 B = Vault XP
 C = Vault XP percentage of total XP
 D = Non-vault monster count
 E = Vault monster count
 F = Vault count percentage of total count
                 A         B        C        D         E       F
            +---------+---------+-------+---------+---------+-------
      Total |     553 |     224 |  28.8 |      81 |      23 |  22.1
            +---------+---------+-------+---------+---------+-------
        D:1 |      54 |       9 |  14.3 |      28 |       5 |  15.2
        D:2 |      72 |      27 |  27.3 |      21 |       7 |  25.0
        D:3 |      57 |       0 |   0.0 |      13 |       0 |   0.0
        D:4 |     214 |      71 |  24.9 |      15 |       2 |  11.8
        D:5 |     156 |     117 |  42.9 |       4 |       9 |  69.2
            +---------+---------+-------+---------+---------+-------
